 Dungeon Crawl Stone Soup version 0.29-a0-495-g17b79114eb (webtiles) character file.

Game seed: 13203071844689495996

57 Hubjo the Firebug (level 3, -4/20 HPs)
             Began as a Deep Elf Fire Elementalist on May 27, 2022.
             Was a Follower of Elyvilon.
             Slain by Terence
             ... wielding a +6 flail of venom
              (10 damage)
             ... on level 2 of the Dungeon.
             The game lasted 00:03:58 (2613 turns).

Hubjo the Firebug (Deep Elf Fire Elementalist)      Turns: 2613, Time: 00:04:00

Health: -4/20      AC:  3    Str:  5    XL:     3   Next: 73%
Magic:  0/10       EV: 12    Int: 21    God:    Elyvilon [*.....]
Gold:   62         SH:  0    Dex: 15    Spells: 8/9 levels left

rFire   . . .      SeeInvis .   (no weapon)
rCold   . . .      Faith    .   (no shield)
rNeg    . . .      Spirit   .   a - +1 robe
rPois   .          Reflect  .   (no helmet)
rElec   .          Harm     .   (no cloak)
rCorr   .          Rampage  .   (no gloves)
Will    .....                   (no boots)
Stlth   ++........              (no amulet)
HPRegen 0.06/turn               (no ring)
MPRegen 0.12/turn               (no ring)

@: lethally poisoned (-4 -> -13), about to teleport
A: no striking features
a: Renounce Religion, Purification


You were on level 2 of the Dungeon.
You worshipped Elyvilon.
Elyvilon was aware of your devotion.
You visited 1 branch of the dungeon, and saw 2 of its levels.

You collected 62 gold pieces.

Inventory:

Armour
 a - a +1 robe (worn)
Scrolls
 f - 2 scrolls of identify {unknown}
Potions
 b - 2 potions of magic
 h - a potion of degeneration {unknown}


   Skills:
 * Level 1.6 Fighting
 - Level 2.4 Dodging
 + Level 3.2 Stealth
 + Level 3.6 Spellcasting
 - Level 1.1 Conjurations
 + Level 3.7 Fire Magic


You had 8 spell levels left.
You knew the following spells:

 Your Spells              Type           Power      Damage    Failure   Level
a - Foxfire               Conj/Fire      52%        2x1d6     4%          1

Your spell library contained the following spells:

 Spells                   Type           Power      Damage    Failure   Level
 Scorch                   Fire           38%        2d7       4%          2
 Conjure Flame            Conj/Fire      13%        6-21      14%         3
 Inner Flame              Hex/Fire       11%        N/A       17%         3
 Flame Wave               Conj/Fire      13%        2d6       43%         4


Dungeon Overview and Level Annotations

Branches:
Dungeon (2/15)

Altars:
Elyvilon

Annotations:
D:2 Terence


Message History

Blink to where?
Press: ? - help, Dir - move target
As you read the scroll labelled ZINNEMN WUWNID, it crumbles to dust.
It was a scroll of blinking.
Found 11 gold pieces and a ring mail.
Terence asks, "Do you want it fast or slow?"
A quokka comes into view.
You see here 11 gold pieces.
Casting: Foxfire (safe; 4% risk of failure)
Confirm with . or Enter, or press ? or * to list all spells.
You conjure some foxfire!
The foxfire hits the quokka.
You kill the quokka!
Casting: Foxfire (safe; 4% risk of failure)
Confirm with . or Enter, or press ? or * to list all spells.
You conjure some foxfire!
The foxfire hits Terence.
Terence is moderately wounded.
The foxfire hits Terence but does no damage.
Terence is moderately wounded.
Casting: Foxfire (safe; 4% risk of failure)
Confirm with . or Enter, or press ? or * to list all spells.
You conjure some foxfire!
Terence hits you with a +6 flail of venom!
You are lethally poisoned!
As you read the scroll labelled SIDDAEXAAC, it crumbles to dust.
It is a scroll of enchant armour.
Your +0 robe glows green for a moment.
You feel very sick.
The foxfire hits Terence but does no damage.
Terence is moderately wounded.
The foxfire hits Terence but does no damage.
Terence is moderately wounded.
Terence barely misses you.
As you read the scroll labelled NOMORO QECEO, it crumbles to dust.
You feel strangely unstable.
It was a scroll of teleportation.
* * * LOW HITPOINT WARNING * * *
You feel very sick.
Terence hits you with a +6 flail of venom!
Ouch! That really hurt!
You die...

..... .. ....# # .h. .
....##. ... . .....
.... .# ...#
.#.##.#######.#####..
.#.#.###.............
....#......##.##.##. #
...##.##.#.##.##@##..#
.#...^...#.##.$.@....#
.#.##.####.##[#####.##
##.##... ..##.# ##.#
########.. ##.# ###
...# .### .# .#


You could see Terence.

Vanquished Creatures
  3 dart slugs
  3 ball pythons
  4 endoplasms (D:1)
  2 giant cockroaches
  2 goblins (D:1)
  6 hobgoblins
  3 jackals (D:1)
  4 quokkas
  6 bats
  4 frilled lizards
  5 kobolds
  3 rats
45 creatures vanquished.

Vanquished Creatures (collateral kills)
  4 foxfires (D:1)
4 creatures vanquished.

Vanquished Creatures (others)
  233 foxfires
233 creatures vanquished.

Grand Total: 282 creatures vanquished

Notes
Turn   | Place    | Note
-------+----------+-------------------------------------------
     0 | D:1      | Hubjo the Deep Elf Fire Elementalist began the quest for
                  | the Orb.
     0 | D:1      | Reached XP level 1. HP: 10/10 MP: 6/6
   351 | D:1      | Reached XP level 2. HP: 16/16 MP: 1/8
   574 | D:1      | Reached skill level 1 in Fighting
  1194 | D:1      | Found a faded altar of an unknown god.
  1260 | D:1      | Reached XP level 3. HP: 20/20 MP: 6/9
  1974 | D:1      | Prayed at the altar of an unknown god.
  1974 | D:1      | Became a worshipper of Elyvilon the Healer
  1974 | D:1      | Reached * piety under Elyvilon
  2581 | D:2      | Noticed Terence
  2613 | D:2      | Slain by Terence

Illustrated notes

Levels and vault maps discovered:
D:1:      scummos_arrival_forest, layout_loops_corners,
          shapermc_ecumenical_altar_acropolis, item_on_display_a
D:2:      layout_loops_cross, minmay_cut_off, uniq_terence

Skill      XL: |  1  2 |
---------------+-------+-----
Fighting       | 1 |  1.6
Stealth        | 3 |  3.2
Dodging        | |  2.4
Spellcasting   | |  3.6
Conjurations   | |  1.1
Fire Magic     | |  3.7

Action                   || total
-------------------------++-------
Melee: Unarmed           ||     1
 Cast: Foxfire           ||   149
  Use: Scroll            ||     4
Armor: Robe              ||     7
Dodge: Dodged            ||    21

Table legend: (Time is in decaauts)
 A = Elapsed time spent in this place.
 B = Non-inter-level travel time spent in this place.
 C = Inter-level travel time spent in this place.
 D = Time resting spent in this place.
 E = Time spent auto-exploring this place.
 F = Levels seen in this place.
 G = Mean time per level.
                   A        B        C        D        E       F      G
               +--------+--------+--------+--------+--------+-----+--------+
         Total |   2614 |   2576 |     38 |      0 |   2267 |   2 | 1307.0 |
       Dungeon |   2614 |   2576 |     38 |      0 |   2267 |   2 | 1307.0 |
               +--------+--------+--------+--------+--------+-----+--------+

Top non-repeatable levels by time:
     D:1: 2042 daAuts
     D:2: 571 daAuts
